 Dungeon Crawl Stone Soup version 0.24-a0-208-g17bec22d17 (webtiles) character file.

Game seed: 8698096140986372891

60 Redear the Cutter (level 3, -1/27 HPs)
             Began as a Demonspawn Skald on Mar 29, 2019.
             Slain by a gnoll
             ... wielding a +0 club
              (6 damage)
             ... on level 2 of the Dungeon.
             The game lasted 00:04:03 (1372 turns).

Redear the Cutter (Demonspawn Skald)                Turns: 1372, Time: 00:04:03

Health: -1/27      AC:  3    Str: 11    XL:     3   Next: 82%
Magic:  4/6        EV: 11    Int: 15    God:
Gold:   55         SH:  0    Dex: 12    Spells: 5/6 levels left

rFire    . . .     SeeInvis .   c - +0 whip
rCold    . . .     Gourm    .   (no shield)
rNeg     . . .     Faith    .   b - +0 leather armour
rPois    .         Spirit   .   (no helmet)
rElec    .         Reflect  .   (no cloak)
rCorr    .         Harm     .   (no gloves)
MR       .....                  (no boots)
Stlth    +.........             (no amulet)
HPRegen  0.09/turn              (no ring)
MPRegen  0.10/turn              (no ring)

@: infused
A: talons 1
a: no special abilities


You were on level 2 of the Dungeon.
You were not hungry.

You visited 1 branch of the dungeon, and saw 2 of its levels.

You collected 55 gold pieces.

Inventory:

Hand Weapons
 a - a +0 short sword
 c - a +0 whip (weapon)
 e - a +0 short sword
 p - a +0 hunting sling
Missiles
 g - 38 stones (quivered)
 Q - 52 bolts
Armour
 b - a +0 leather armour (worn)
 h - a +0 leather armour
Scrolls
 f - a scroll of enchant weapon {unknown}
 i - a scroll of fog {unknown}
 j - 2 scrolls of identify {unknown}
 m - a scroll of random uselessness {unknown}
 o - a scroll of amnesia {unknown}
Potions
 k - a potion of resistance {unknown}
 l - 2 potions of ambrosia {unknown}
 n - a potion of curing {unknown}
Comestibles
 d - 5 rations


   Skills:
 - Level 2.0 Fighting
 + Level 3.8 Short Blades
 - Level 0.8 Armour
 - Level 1.7 Dodging
 - Level 2.0 Spellcasting
 - Level 2.6 Charms


You had 5 spell levels left.
You knew the following spells:

 Your Spells              Type           Power        Failure   Level  Hunger
a - Infusion              Chrm           #...         10%         1    #......

Your spell library contained the following spells:

 Spells                   Type           Power        Failure   Level  Hunger
 Song of Slaying          Chrm           #.......     14%         2    ###....
 Shroud of Golubria       Chrm/Tloc      #.........   26%         2    ###....
 Regeneration             Chrm/Necr      #.........   45%         3    ###....
 Spectral Weapon          Hex/Chrm       #.......     45%         3    ###....


Dungeon Overview and Level Annotations

Branches:
Dungeon (2/15)

Altars:


Innate Abilities, Weirdness & Mutations

You have sharp toenails.


Message History

Items here: )) [[ ††† You see here a +0 club.
g - 38 stones (gained 2)
j - 2 scrolls labeled ROOF YTU GAF (gained 1)
d - 5 rations (gained 1)
A gnoll comes into view. It is wielding a +0 club.
The gnoll shouts!
You regained 4 hp, and now have 13/27 hp.
MP restored: 6 The gnoll closely misses you.
You begin infusing your attacks with magical energy.
The gnoll hits you with a +0 club.
* * * LOW HITPOINT WARNING * * *
You take 5 damage, and have 9/27 hp.
You now have 5/6 mp.
You barely miss the gnoll. The gnoll hits you with a +0 club.
* * * LOW HITPOINT WARNING * * *
You take 4 damage, and have 5/27 hp.
Unknown command.
You hit the gnoll! The gnoll hits you with a +0 club.
You die...

..........##...........##.##.#
....#####.............##.#.##..##
.....# ####..........#.g #.#....
####.### #..........#.# .#####
#...## #........###. ##### ###..#
#........# ## #...#
##.########.#.## #...#
#.....####g#.# #...#
#..))....#@#.. #....
#...#.........# ##.#.
#######.....##.........# ####.#.
...#.......#####....#...###......
...........## #..#.#..........##
............# #...... ..........
............#####..#..........###
............)÷................ ..
............######...........# #


You could see a gnoll.

Levels and vault maps discovered:
D:1:      lemuel_arrival_muddy, layout_basic, serial_bayou_ford_a
D:2:      layout_rooms, marbit_many_paths, chequers_ecumenical_altar_simple,
          kennysheep_doodads, st_stairs_1, minivault_26,
          minmay_misc_feat_hallway

Notes
Turn   | Place    | Note
-------+----------+-------------------------------------------
     0 | D:1      | Redear the Demonspawn Skald began the quest for the Orb.
     0 | D:1      | Reached XP level 1. HP: 16/16 MP: 3/3
    67 | D:1      | Reached skill level 2 in Short Blades
   103 | D:1      | Identified a cursed -2 dagger
   106 | D:1      | Identified a +0 dagger
   141 | D:1      | Gained mutation: You have sharp toenails. [demonic
                  | ancestry]
   141 | D:1      | Reached XP level 2. HP: 18/22 MP: 5/5
   589 | D:2      | HP: 5/22 [ooze (1)]
   592 | D:2      | Identified a potion of flight
   592 | D:2      | HP: 1/22 [ooze (2)]
   595 | D:2      | Found a faded altar of an unknown god.
   606 | D:2      | HP: 1/22 [rat (1)]
   911 | D:2      | Reached skill level 3 in Short Blades
   912 | D:2      | Reached XP level 3. HP: 12/27 MP: 1/6
   951 | D:2      | Identified a +0 whip (You found it on level 2 of the
                  | Dungeon)
  1098 | D:2      | Identified a +0 dagger
  1109 | D:2      | Identified a +0 club
  1244 | D:2      | Identified a +0 club
  1245 | D:2      | Identified a +0 dagger
  1254 | D:2      | Identified a +0 robe
  1257 | D:2      | Identified a +0 dagger
  1257 | D:2      | Identified a +0 hunting sling
  1283 | D:2      | Identified a cursed -2 club
  1283 | D:2      | Identified a cursed -1 robe
  1356 | D:2      | Identified a +0 club
  1371 | D:2      | HP: 5/27 [gnoll/+0 club (4)]
  1372 | D:2      | Slain by a gnoll

Table legend:
 A = Turns spent in this place as a percentage of turns spent in the entire game.
 B = Non-inter-level travel turns spent in this place as a percentage of non-inter-level travel turns spent in the entire game.
 C = Inter-level travel turns spent in this place as a percentage of turns spent in this place.
 D = Turns resting spent in this place as a percentage of non-inter-level travel turns spent in this place.
 E = Turns spent auto-exploring this place as a percentage of non-inter-level travel turns spent in this place.
 F = Non-inter-level travel turns spent in this place divided by the number of levels of this place that you've seen.
                   A       B       C       D       E      F
               +-------+-------+-------+-------+-------+----------------------
         Total | 100.0 | 100.0 |   4.4 |  27.3 |  42.7 | 655.5
       Dungeon | 100.0 | 100.0 |   4.4 |  27.3 |  42.7 | 655.5
               +-------+-------+-------+-------+-------+----------------------

Table legend:
 A = Kills in this place as a percentage of kills in entire the game.
 B = Kills by you in this place as a percentage of kills by you in the entire game.
 C = Kills by friends in this place as a percentage of kills by friends in the entire game.
 D = Other kills in this place as a percentage of other kills in the entire game.
 E = Experience gained in this place as a percentage of experience gained in the entire game.
 F = Experience gained in this place divided by the number of levels of this place that you have seen.
                   A       B       C       D       E      F
               +-------+-------+-------+-------+-------+----------------------
         Total | 100.0 | 100.0 |   N/A |   N/A | 100.0 |  43.5
       Dungeon | 100.0 | 100.0 |   N/A |   N/A | 100.0 |  43.5
               +-------+-------+-------+-------+-------+----------------------

Skill      XL: |  1  2 |
---------------+-------+-----
Short Blades   | 2 3 |  3.8
Fighting       | |  2.0
Armour         | |  0.8
Dodging        | |  1.7
Spellcasting   | |  2.0
Charms         | |  2.6

Action                   || total
-------------------------++-------
Melee: Short sword       ||    50
       Kick              ||    17
       Whip              ||    56
 Cast: Infusion          ||    10
  Use: Potion            ||     1
  Eat: Chunk             ||     2
Armor: Leather armour    ||    22
Dodge: Dodged            ||    71

Vanquished Creatures
  2 adders (D:2)
  An ooze (D:2)
  A dart slug (D:1)
  A leopard gecko (D:2)
  A giant cockroach (D:1)
  5 goblins
  6 hobgoblins
  A jackal (D:2)
  2 kobolds (D:2)
  A quokka (D:2)
  3 bats (D:1)
  3 frilled lizards
  8 rats
35 creatures vanquished.
